AoeStats
← Beisser

Nomad

509627558Analyzed
2v2 RM · 6d ago on Sep 27, 2026· 40m 57s· 4 players
Game mode
Random Map
Map size
176×176
Population
200
Speed
Normal
Resources
Standard
Victory
Conquest
Starting age
Dark Age
Ending age
Imperial Age
RankedLock teamsTeams togetherTeam positionsShared explorationLock speedFull tech treeHidden civsTurbo modeCheats
Victory
Defeat
🇨🇭 Celts · Switzerland
1413
+35
🇨🇭 Varangians · Switzerland
1413
+35
🇭🇰 Varangians · Hong Kong SAR China
1486
-19
🇭🇰 Malians · Hong Kong SAR China
1486
-19
<|>o.o<|>
3:27 Loom
14:26 Feudal Age
18:14 Castle Age
16:46 Double-Bit Axe
18:35 Town Watch
20:17 Gold Mining
20:41 Bow Saw
21:18 Forging
22:24 Fishing Lines
24:39 Gillnets
25:15 Horse Collar
27:17 Stone Mining
30:55 Imperial Age
30:06 Scale Barding Armor
30:37 Iron Casting
31:27 Wheelbarrow
31:58 Bloodlines
31:48 Husbandry
33:14 Chain Barding Armor
32:41 Cavalier
36:43 Plate Barding Armor
38:43 Hand Cart
39:06 Stone Shaft Mining
39:27 Conscription
39:19 Gothikon
39:22 Vendel Legacy
41:20 Blast Furnace
Beisser
13:26 Feudal Age
14:48 Double-Bit Axe
17:39 Castle Age
16:38 Gold Mining
17:44 Loom
19:02 Bow Saw
19:53 Horse Collar
20:44 Pikeman
21:27 Scale Mail Armor
31:21 Wheelbarrow
34:28 Town Watch
38:01 Imperial Age
36:53 Chain Mail Armor
38:33 Forging
39:43 Plate Mail Armor
39:44 Conscription
41:37 Iron Casting
Victor Kenny
4:51 Loom
12:59 Feudal Age
13:36 Double-Bit Axe
21:48 Wheelbarrow
23:14 Castle Age
26:06 Medium Warships
33:54 Wheelbarrow
33:04 Town Watch
38:05 Imperial Age
39:03 Hand Cart
Harry Peter
9:06 Loom
14:06 Feudal Age
17:42 Castle Age
16:38 Double-Bit Axe
18:34 Bow Saw
19:05 Gold Mining
25:35 Scale Barding Armor
26:16 Medium Warships
25:59 Fishing Lines
26:46 Forging
29:23 Wheelbarrow
29:28 Chain Barding Armor
31:13 Iron Casting
32:08 Hand Cart
32:59 Town Watch
37:45 Imperial Age
38:55 Scale Mail Armor
38:55 Pikeman
Connection lost

Rejoining the realm…

Still unreachable

The connection could not be restored.

Session expired

The server has moved on; the page needs a fresh start.